 Dungeon Crawl Stone Soup version 0.18-a0-1560-ge216ca8 (webtiles) character file.

927 Gorice the Conjurer (level 7, -4/36 HPs)
             Began as a Deep Elf Venom Mage on Mar 12, 2016.
             Slain by an iguana (11 damage)
             ... on level 5 of the Dungeon.
             The game lasted 00:27:10 (5917 turns).

Gorice the Conjurer (Deep Elf Venom Mage)           Turns: 5917, Time: 00:27:10

Health: -4/36      AC:  7    Str:  5    XL:     7   Next: 85%
Magic:  14/18      EV: 12    Int: 22    God:
Gold:   156        SH:  0    Dex: 15    Spells: 4 memorised, 7 levels left

rFire  . . .     SeeInvis .     D - +0 quarterstaff
rCold  . . .     Gourm    .     l - +0 leather armour
rNeg   . . .     Faith    .     (shield currently unavailable)
rPois  .         Spirit   .     (no helmet)
rElec  .         Dismiss  .     i - +1 cloak
rCorr  .         Reflect  .     u - +1 pair of gloves
SustAt .         Harm     .     (no boots)
MR     .....                    (no amulet)
Stlth  ++........               (no ring)
                                B - ring of wizardry

@: not resistant to hostile enchantments, unstealthy
A: no striking features
a: no special abilities


You were on level 5 of the Dungeon.
You were hungry.

You visited 1 branch of the dungeon, and saw 5 of its levels.

You collected 208 gold pieces.
You spent 52 gold pieces at shops.

Inventory:

Hand Weapons
 a - a +0 dagger of venom
   (You took it off a kobold on level 1 of the Dungeon)
 f - a +0 short sword
 g - a +0 spear
 q - a +0 trident
 D - a +0 quarterstaff (weapon)
 J - a +1 vampiric whip
   (You found it on level 5 of the Dungeon)
Missiles
 r - 5 tomahawks (quivered)
 A - 25 sling bullets
 Z - 111 stones
Armour
 d - a +0 ring mail
 i - a +1 cloak (worn)
 j - a +0 robe
 l - a +0 leather armour (worn)
 u - a +1 pair of gloves (worn)
Jewellery
 B - a ring of wizardry (left hand)
Wands
 F - a wand of digging (8/24)
 H - a wand of slowing (7/48)
Scrolls
 e - 2 scrolls of amnesia {unknown}
 p - a scroll of acquirement {unknown}
 t - a scroll of recharging
 w - 2 scrolls of remove curse
 x - a scroll of enchant armour
 y - 2 scrolls of random uselessness {unknown}
 M - a scroll of magic mapping {unknown}
Potions
 k - 2 potions of flight
 m - a potion of haste {!q}
 n - 2 potions of heal wounds {!q}
 o - a potion of cure mutation {!q}
 s - 3 potions of brilliance {!q}
 C - a potion of might {unknown}
 E - a potion of lignification {unknown}
 I - a potion of degeneration {unknown}
Books
 b - a Young Poisoner's Handbook
Comestibles
 c - 4 bread rations {!e}
 h - 5 fruits
 z - 2 beef jerkies
 G - a meat ration {!e}


   Skills:
 - Level 2.4 Dodging
 - Level 2.4 Stealth
 + Level 6.4 Spellcasting
 * Level 6.8 Conjurations
 + Level 6.7 Poison Magic


You had 7 spell levels left.
You knew the following spells:

 Your Spells              Type           Power        Failure   Level  Hunger
a - Sting                 Conj/Pois      ####         1%          1    None
b - Cure Poison           Pois           #####.....   1%          2    None
c - Mephitic Cloud        Conj/Pois/Air  ####....     4%          3    #......
d - Venom Bolt            Conj/Pois      #####.....   12%         5    #####..


Dungeon Overview and Level Annotations

Branches:
Dungeon (5/15)
 Temple: D:4-7

Altars:
Dithmenos
Trog

Shops:
D:4 ?[}

Annotations:
D:4 pUX: ghost!, mrath's ghost, novice MiFi


Message History

Aim: a shadow imp The sting hits the shadow imp.
The shadow imp is poisoned.
The shadow imp is lightly wounded.
The shadow imp gestures at you. Pain shoots through your body!
* * * LOW HITPOINT WARNING * * *
An iguana comes into view.
Damage: 11 (max 11)
Casting: Sting
Confirm with . or Enter, or press ? or * to list all spells.
Aiming: Sting
Press: ? - help, Shift-Dir - straight line, f/p - shadow imp
Aim: a shadow imp (lightly wounded, poisoned)
The sting hits the shadow imp.
The shadow imp appears unharmed.
The shadow imp is lightly wounded.
The iguana hisses angrily.
Casting: Sting
Confirm with . or Enter, or press ? or * to list all spells.
Aiming: Sting
Press: ? - help, Shift-Dir - straight line, f/p - shadow imp
Aim: a shadow imp (lightly wounded, poisoned)
The sting hits the shadow imp.
The shadow imp completely resists.
The shadow imp is lightly wounded.
You hit the shadow imp.
The shadow imp is moderately wounded.
The shadow imp hits you.
* * * LOW HITPOINT WARNING * * *
Damage: 5 (max 11)
You closely miss the shadow imp.
The shadow imp is heavily wounded.
The shadow imp misses you.
You hit the shadow imp.
You kill the shadow imp!
Casting: Sting
Confirm with . or Enter, or press ? or * to list all spells.
Aiming: Sting
Press: ? - help, Shift-Dir - straight line, f - iguana
Aim: an iguana The sting hits the iguana.
The iguana is moderately wounded.
The iguana bites you but does no damage.
Casting: Sting
Confirm with . or Enter, or press ? or * to list all spells.
Aiming: Sting
Press: ? - help, Shift-Dir - straight line, f/p - iguana
Aim: an iguana (moderately wounded)
The sting hits the iguana.
The iguana appears unharmed.
The iguana is moderately wounded.
The iguana bites you!
You die...

..#.###.....#.#####.######....#
#.#.##.....##..##...........###
#.#.##......##.##############
..#.##....#.##..#
..#†##.......##.##
.....#.....#.##..#
.....###.#....##.# .....#
#+#..#.##l## #....# #.. ##@.#
#.#'## ... ##.# [...# ..#. #5##
##..# #..# ....# ##.## ###†#
#..# ###.####.. ##.#
h.......... #.## ...#.......
#.[#


You could see an iguana and a crimson imp.

Vanquished Creatures
  2 sky beasts (D:5)
  2 ogres
  2 scorpions
  A howler monkey (D:5)
  2 jellies (D:5)
  2 hounds
  5 worker ants
  4 gnolls
  6 adders
  A shadow imp (D:5)
  2 oozes
  2 adder skeletons (D:4)
  A worm (D:3)
  2 dart slugs
  3 giant geckos
  4 orcs
  5 giant cockroaches
  7 goblins
  7 hobgoblins
  5 jackals
  11 kobolds
  2 quokkas
  2 ball pythons (D:2)
  7 bats
  A giant gecko skeleton (D:4)
  6 giant newts
  8 rats
102 creatures vanquished.

Notes
Turn   | Place    | Note
--------------------------------------------------------------
     0 | D:1      | Gorice the Deep Elf Venom Mage began the quest for the Orb.
     0 | D:1      | Reached XP level 1. HP: 10/10 MP: 6/6
   179 | D:1      | Reached skill level 1 in Conjurations
   202 | D:1      | Reached XP level 2. HP: 15/15 MP: 1/8
   912 | D:1      | Reached XP level 3. HP: 19/19 MP: 5/10
  1312 | D:1      | Reached skill level 5 in Poison Magic
  1542 | D:2      | Reached skill level 2 in Conjurations
  2248 | D:2      | Reached XP level 4. HP: 15/24 MP: 3/11
  2524 | D:2      | Learned a level 2 spell: Cure Poison
  2645 | D:3      | Reached skill level 4 in Spellcasting
  2683 | D:3      | Reached skill level 3 in Conjurations
  2786 | D:3      | Reached XP level 5. HP: 28/28 MP: 8/13
  3197 | D:4      | Found Emuuh's Gadget Shop.
  3211 | D:4      | Noticed an ogre
  3235 | D:4      | Killed an ogre
  3235 | D:4      | Reached skill level 4 in Conjurations
  3235 | D:4      | Reached XP level 6. HP: 32/32 MP: 11/15
  3332 | D:4      | Reached skill level 5 in Spellcasting
  3405 | D:4      | Found Nucasoyk's Magic Scroll Boutique.
  3417 | D:4      | Learned a level 3 spell: Mephitic Cloud
  3433 | D:4      | Bought a scroll of identify for 26 gold pieces
  3433 | D:4      | Bought a scroll of identify for 26 gold pieces
  3628 | D:4      | Noticed mrath's ghost (novice MiFi)
  3641 | D:4      | HP: 6/32 [mrath's ghost (12)]
  4055 | D:4      | Found Bahon's Antique Armour Boutique.
  4287 | D:4      | Reached skill level 5 in Conjurations
  4777 | D:5      | Entered Level 5 of the Dungeon
  4830 | D:5      | Reached skill level 6 in Poison Magic
  4857 | D:5      | Reached XP level 7. HP: 36/36 MP: 14/17
  5172 | D:4      | Found a bloodstained altar of Trog.
  5172 | D:4      | Found a shadowy altar of Dithmenos.
  5269 | D:5      | Reached skill level 6 in Spellcasting
  5269 | D:5      | Reached skill level 6 in Conjurations
  5272 | D:5      | HP: 10/36 [acid (5)]
  5636 | D:5      | Learned a level 5 spell: Venom Bolt
  5913 | D:5      | HP: 7/36 [shadow imp (6)]
  5917 | D:5      | Slain by an iguana

Vault maps used:
D:1:      lightli_arrival_boilingwater, serial_park_tiny_pond
D:2:      kennysheep_big_flooded_room, first_bread
D:4:      nicolae_overflow_hidden_temple, serial_shops, shop_statue,
          nicolae_shop_window_shopping,
          nicolae_shop_temple_entry_statues_fountains
D:5:      minmay_temple_entry_junction2

Skill      XL: |  1  2  3  4  5  6  7 |
---------------+----------------------+-----
Conjurations   | 1 2 3 4 5 6 |  6.8
Poison Magic   | 5 6 |  6.7
Spellcasting   | 4 5 6 |  6.4
Dodging        | |  2.4
Stealth        | |  2.4

Action                   |  1- 3 |  4- 6 |  7- 9 || total
-------------------------+-------+-------+-------++-------
Melee: Dagger            |    32 |    46 |    27 ||   105
       Quarterstaff      |       |       |   110 ||   110
Throw: Tomahawk          |       |     3 |       ||     3
 Cast: Sting             |    93 |    91 |    44 ||   228
       Cure Poison       |       |     1 |       ||     1
Evoke: Wand              |       |       |     2 ||     2
  Use: Scroll            |     1 |     7 |     3 ||    11
 Stab: Distracted        |     1 |       |       ||     1
       Sleeping          |       |     1 |       ||     1
  Eat: Chunk             |     4 |     6 |     3 ||    13
       Royal jelly       |       |     1 |       ||     1

Table legend:
 A = Turns spent in this place as a percentage of turns spent in the entire game.
 B = Non-inter-level travel turns spent in this place as a percentage of non-inter-level travel turns spent in the entire game.
 C = Inter-level travel turns spent in this place as a percentage of turns spent in this place.
 D = Turns resting spent in this place as a percentage of non-inter-level travel turns spent in this place.
 E = Turns spent auto-exploring this place as a percentage of non-inter-level travel turns spent in this place.
 F = Non-inter-level travel turns spent in this place divided by the number of levels of this place that you've seen.
                   A       B       C       D       E      F
               +-------+-------+-------+-------+-------+----------------------
         Total | 100.0 | 100.0 |   0.4 |   2.5 |   5.0 | 423.8
       Dungeon | 100.0 | 100.0 |   0.4 |   2.5 |   5.0 | 423.8
               +-------+-------+-------+-------+-------+----------------------

Vault maps used:
D:1:      lightli_arrival_boilingwater, serial_park_tiny_pond
D:2:      kennysheep_big_flooded_room, first_bread
D:4:      nicolae_overflow_hidden_temple, serial_shops, shop_statue,
          nicolae_shop_window_shopping,
          nicolae_shop_temple_entry_statues_fountains
D:5:      minmay_temple_entry_junction2
